 Dungeon Crawl Stone Soup version 0.28-a0-1429-gf3d713df7a (webtiles) character file.

Game seed: 12716516768966838015

4283 HallandMoats the Fighter (level 10, 0/73 HPs)
             Began as a Demonspawn Fighter on Jan 9, 2022.
             Was an Elder of Hepliaklqana.
             Killed by mirror damage (12 damage)
             ... on level 8 of the Dungeon.
             The game lasted 00:12:49 (9634 turns).

HallandMoats the Fighter (Demonspawn Fighter)       Turns: 9634, Time: 00:12:53

Health: 0/73       AC: 11    Str: 20    XL:     10   Next: 10%
Magic:  15/15      EV: 28    Int:  9    God:    Hepliaklqana [****..]
Gold:   388        SH:  5    Dex: 14    Spells: 9/9 levels left

rFire   + . .      SeeInvis .   b - +7 spear of the Wasp {venom, rF+}
rCold   . . .      Faith    .   c - +0 buckler
rNeg    . . .      Spirit   .   E - +0 acid dragon scales
rPois   .          Reflect  .   u - +0 helmet
rElec   .          Harm     .   y - +0 cloak
rCorr   +          Rampage  .   (no gloves)
Will    .....                   I - +0 pair of boots
Stlth   +.........              m - amulet of the acrobat
HPRegen 0.22/turn               (no ring)
MPRegen 0.14/turn               (no ring)

@: mighty, acrobatic
A: reduced essence, claws 2, ignite blood 3, sturdy frame 2
a: Renounce Religion, Recall Ancestor, Ancestor Identity, Transference, Idealise


You were on level 8 of the Dungeon.
You worshipped Hepliaklqana.
Hepliaklqana was greatly pleased with you.
You visited 1 branch of the dungeon, and saw 8 of its levels.
You also visited: Ossuary.

You collected 388 gold pieces.

Inventory:

Hand Weapons
 a - a +0 war axe
 b - the +7 spear of the Wasp (weapon) {venom, rF+}
   (You found it on level 7 of the Dungeon)

   It poisons the flesh of those it strikes.
   rF:        It protects you from fire.
Armour
 c - a +0 buckler (worn)
 u - a +0 helmet (worn)
 y - a +0 cloak (worn)
 E - +0 acid dragon scales (worn)
 I - a +0 pair of boots (worn)
Jewellery
 m - an amulet of the acrobat (around neck)
 v - an amulet of magic regeneration
 F - a ring of flight
Wands
 j - a wand of iceblast (6)
 D - a wand of mindburst (11)
 G - a wand of paralysis (10)
 J - a wand of charming (7)
Scrolls
 g - 8 scrolls of identify {unknown}
 k - a scroll of amnesia {unknown}
 l - 2 scrolls of immolation {unknown}
 n - 3 scrolls of blinking {unknown}
 o - a scroll of brand weapon {unknown}
 p - 7 scrolls of teleportation {unknown}
 q - a scroll of torment {unknown}
 r - a scroll of summoning {unknown}
 s - a scroll of fear {unknown}
 w - 2 scrolls of acquirement {unknown}
 z - a scroll of silence {unknown}
 A - a scroll of enchant armour {unknown}
Potions
 e - 3 potions of brilliance {unknown}
 f - 5 potions of curing {unknown}
 h - a potion of magic {unknown}
 i - 2 potions of haste {unknown}
 t - a potion of heal wounds {unknown}
 x - 2 potions of mutation {unknown}
 B - a potion of attraction {unknown}
 C - a potion of flight {unknown}
 H - a potion of resistance {unknown}


   Skills:
 * Level 8.8 Fighting
 + Level 5.6 Axes
 + Level 6.0 Armour
 + Level 5.2 Dodging
 - Level 4.0 Shields
 + Level 7.6 Invocations


You had 9 spell levels left.
You didn't know any spells.
Your spell library contained the following spells:

 Spells                   Type           Power      Damage    Failure   Level
 Gell's Gravitas          Tloc           0%         N/A       85%         3
 Lesser Beckoning         Tloc           0%         N/A       85%         3
 Teleport Other           Tloc           0%         N/A       85%         3
 Alistair's Intoxication  Tmut/Pois      0%         N/A       100%        5
 Borgnjor's Vile Clutch   Necr/Erth      0%         N/A       100%        5
 Eringya's Noxious Bog    Tmut/Pois      0%         N/A       100%        6


Dungeon Overview and Level Annotations

Branches:
Dungeon (8/15)             Temple (0/1) D:7         Ossuary (visited)
   Lair: D:8-11

Altars:
Ashenzari
Fedhas
Hepliaklqana
Qazlal
Xom

Annotations:
D:6 4 runed translucent doors, Crazy Yiuf; Pin's ghost, novice DsWn


Innate Abilities, Weirdness & Mutations

Your life essence is reduced to manifest your ancestor. (-10% HP)
You have very sharp fingernails.
Your demonic aura causes all spilled blood to erupt in flames.
Your movements are less encumbered by armour. (ER -4)


Message History

Aim: a death knight, wielding a +4 glaive and wearing a +0 chain mail (lightly wounded, reflecting injuries, very poisoned, ally target, about 28% to evade the +7 spear of the Wasp)
You reach to attack!
You barely miss the death knight.
The death knight is lightly wounded.
The death knight hits you from afar with a +4 glaive!
Reach: b) +7 spear of the Wasp {venom, rF+}
Press: ? - help, Dir - move target, f/p - death knight
Aim: a death knight, wielding a +4 glaive and wearing a +0 chain mail (lightly wounded, reflecting injuries, very poisoned, ally target, about 28% to evade the +7 spear of the Wasp)
You reach to attack!
You hit the death knight.
The death knight looks as sick as possible!
The death knight is lightly wounded.
The death knight reflects your damage back at you! x2
The death knight is engulfed in blazing flames.
The death knight hits you from afar with a +4 glaive!
The death knight reflects your damage back at you!
What are your orders? t - Shout!
Orders for allies: a - Attack new target. p - Attack previous target. r - Retreat! s - Stop attacking. g - Guard the area. f - Follow me.
Anything else - Cancel.
Gang up on whom?
Press: ? - help, Dir - move target, f/p - death knight
Aim: a death knight, wielding a +4 glaive and wearing a +0 chain mail (flame, moderately wounded, reflecting injuries, extremely poisoned, ally target) Attack!
The death knight reflects your damage back at you!
Sir Rick Astley hits the death knight but does no damage.
Sir Rick Astley drains the death knight.
Sir Rick Astley suffers a backlash!
The death knight is engulfed in blazing flames.
The death knight hits you from afar with a +4 glaive.
The death knight reflects your damage back at you!
* * * LOW HITPOINT WARNING * * *
The death knight reflects your damage back at you!
Sir Rick Astley hits the death knight with a +0 dagger of draining.
Sir Rick Astley drains the death knight.
Sir Rick Astley suffers a backlash!
The death knight is engulfed in blazing flames.
The death knight barely misses Sir Rick Astley.
The death knight reflects your damage back at you!
You die...

..#≈.....†........≈#.######
..#≈≈≈≈≈≈≈.)≈≈≈≈≈≈≈#.#
..########')########.#
..........)......[##.#
..####.###.#########.#
..####.###)#########.#
....>.............##.#
..##.#.###.#########.######
..##.#.......pR○@........(#
.....#.............#.######
.###.#.###.###########
.###.#.# #.#
.....#p###.#######
..................
####.#......######
####p#.###..# .p..........#


You could see the friendly Sir Rick Astley the hexer and a death knight
(reflects damage, extremely poisoned, drained, ally target).

Vanquished Creatures
  Pikel (D:7)
  Maggie (D:7)
  A wyvern (D:8)
  A vampire (D:7)
  Eustachio (D:6)
  Duvessa (D:7)
  3 water moccasins
  A sky beast (D:5)
  2 ice beasts
  3 ogres
  2 centaurs
  A phantom (D:6)
  2 kobold brigands (D:8)
  2 gnoll sergeants
  A wyvern zombie (D:7)
  A scorpion (D:4)
  Dowan (D:7)
  A wyvern skeleton (D:7)
  An oklob sapling (D:7)
  An electric eel (D:8)
  3 wights
  A centaur zombie (D:7)
  A bullfrog skeleton (D:7)
  2 hounds
  A centaur skeleton (D:7)
  4 orc priests
  2 jellies
  2 iguanas
  2 orc wizards
  3 mummies (Ossuary)
  8 gnolls
  A hexer (D:6)
  2 adders
  A dart slug (D:3)
  15 orcs
  5 bats
  6 endoplasms
  4 giant cockroaches
  2 goblins (D:1)
  5 hobgoblins
  2 jackals (D:3)
  20 kobolds
  A quokka (D:3)
  6 ball pythons
  3 frilled lizards
  4 hobgoblin zombies (Ossuary)
  5 rats
  2 rat zombies (D:4)
141 creatures vanquished.

Vanquished Creatures (collateral kills)
  A centaur (D:8)
  2 kobold brigands
  A scorpion (D:5)
  3 wights
  A bullfrog zombie (D:6)
  2 centaur zombies (Ossuary)
  A centaur skeleton (D:5)
  3 mummies (Ossuary)
  2 gnolls (D:8)
  A shadow imp (D:6)
  A white imp (D:7)
  An orc (D:6)
  An endoplasm (D:4)
  A giant cockroach (D:4)
  4 kobolds
25 creatures vanquished.

Vanquished Creatures (others)
  An electric eel (D:8)
  7 hexers
  A kobold (D:8)
  A bush (D:6)
  4 fungi (D:6)
  54 plants
68 creatures vanquished.

Grand Total: 234 creatures vanquished

Notes
Turn   | Place    | Note
-------+----------+-------------------------------------------
     0 | D:1      | HallandMoats the Demonspawn Fighter began the quest for the
                  | Orb.
     0 | D:1      | Reached XP level 1. HP: 18/18 MP: 1/1
   444 | D:1      | Gained mutation: Your demonic aura sometimes causes spilled
                  | blood to erupt in flames. [demonic ancestry]
   444 | D:1      | Reached XP level 2. HP: 19/24 MP: 2/2
   511 | D:1      | Reached skill level 1 in Invocations
  1555 | D:3      | Gained mutation: Your movements are slightly less
                  | encumbered by armour. (ER -2) [demonic ancestry]
  1555 | D:3      | Reached XP level 3. HP: 27/29 MP: 3/3
  1666 | D:3      | Reached skill level 1 in Dodging
  1929 | D:3      | Found a shimmering altar of Xom.
  1930 | D:3      | Found a broken altar of Ashenzari.
  1934 | D:3      | Reached XP level 4. HP: 35/35 MP: 5/5
  2368 | D:3      | Found a faded altar of an unknown god.
  2374 | D:3      | Prayed at the altar of an unknown god.
  2374 | D:3      | Became a worshipper of Hepliaklqana the Forgotten
  2374 | D:3      | Reached * piety under Hepliaklqana
  2387 | D:3      | Gained mutation: Your demonic aura often causes spilled
                  | blood to erupt in flames. [demonic ancestry]
  2387 | D:3      | Reached XP level 5. HP: 27/36 MP: 6/6
  2656 | D:3      | Noticed a centaur
  2664 | D:3      | Killed a centaur
  2953 | D:4      | Noticed an ogre
  2958 | D:4      | Killed an ogre
  2959 | D:4      | Gained mutation: Your demonic aura causes all spilled blood
                  | to erupt in flames. [demonic ancestry]
  2959 | D:4      | Reached XP level 6. HP: 43/43 MP: 6/8
  2990 | D:4      | Reached skill level 4 in Fighting
  3381 | D:4      | Found a sand-covered staircase.
  3388 | Ossuary  | Entered an ossuary
  3388 | Ossuary  | Reached ** piety under Hepliaklqana
  3389 | Ossuary  | Remembered your ancestor Sir Rick Astley as a hexer
  3640 | Ossuary  | Gained mutation: Your movements are less encumbered by
                  | armour. (ER -4) [demonic ancestry]
  3640 | Ossuary  | Reached XP level 7. HP: 29/49 MP: 9/9
  4189 | D:5      | Entered Level 5 of the Dungeon
  4545 | D:5      | Reached skill level 5 in Fighting
  4790 | D:5      | Gained mutation: You have sharp fingernails. [demonic
                  | ancestry]
  4790 | D:5      | Reached XP level 8. HP: 56/56 MP: 11/11
  4908 | D:5      | Reached *** piety under Hepliaklqana
  5159 | D:6      | Noticed Eustachio
  5334 | D:6      | Killed Eustachio
  5335 | D:6      | Reached skill level 6 in Fighting
  5335 | D:6      | Reached skill level 5 in Invocations
  5361 | D:6      | Found a blossoming altar of Fedhas.
  5364 | D:6      | Found a stormy altar of Qazlal.
  5944 | D:6      | Found a runed translucent door.
  5945 | D:6      | Noticed Crazy Yiuf
  6803 | D:6      | Found a runed translucent gate.
  6803 | D:6      | Found a runed translucent gate.
  6881 | D:6      | Found a runed translucent gate.
  6882 | D:6      | Noticed Pin's ghost (novice DsWn)
  7177 | D:7      | Noticed Duvessa
  7177 | D:7      | Noticed Dowan
  7178 | D:7      | Killed Dowan
  7183 | D:7      | Killed Duvessa
  7184 | D:7      | Reached skill level 7 in Fighting
  7209 | D:7      | Noticed Maggie
  7223 | D:7      | Killed Maggie
  7224 | D:7      | Reached skill level 5 in Armour
  7224 | D:7      | Reached XP level 9. HP: 64/64 MP: 13/13
  7347 | D:7      | Identified the +7 spear of the Wasp {venom, rF+}
  7410 | D:7      | Noticed Pikel
  7416 | D:7      | Killed Pikel
  7417 | D:7      | Reached skill level 5 in Axes
  7717 | D:7      | Reached **** piety under Hepliaklqana
  7720 | D:7      | Found a staircase to the Ecumenical Temple.
  7735 | D:7      | Reached skill level 8 in Fighting
  8280 | D:8      | Reached skill level 5 in Dodging
  8386 | D:8      | Gained mutation: You have very sharp fingernails. [demonic
                  | ancestry]
  8386 | D:8      | Reached XP level 10. HP: 53/73 MP: 15/15
  8612 | D:8      | Noticed a death knight
  9634 | D:8      | Killed by mirror damage

Illustrated notes

Levels and vault maps discovered:
D:1:      saegor_arrival_simple_c, layout_rooms, nrook_uturn, st_stairs_7,
          kennysheep_minor_cross, serial_park_tiny_1
D:2:      layout_rooms
D:3:      layout_rooms, chequers_temple_overflow_statue_of_worship,
          hellmonk_ecumenical_altar_heavens_door, minmay_door_square
D:4:      layout_loops_cross, enter_ossuary_4
D:5:      nicolae_cairo_tiling_large_dashed, layout_layer_cave, st_stairs_13,
          kennysheep_nub, kennysheep_generic_room_10
D:6:      layout_basic, grunt_temple_overflow_forces_of_nature,
          gammafunk_ghost_necromancy, kb_lookout_dungeons_type,
          kennysheep_boxes, uniq_eustachio, uniq_crazy_yiuf_cottage
D:7:      layout_basic, minmay_temple_entry_oklob, uniq_pikel, uniq_maggie,
          uniq_duvessa
D:8:      layout_basic, kennysheep_dice

Skill      XL: |  1  2  3  4  5  6  7  8  9 10 |
---------------+-------------------------------+-----
Invocations    | 1 2 3 4 6 7 |  7.6
Shields        | 3 4 |  4.0
Axes           | 2 3 4 5 |  5.6
Dodging        | 1 2 3 4 5 |  5.2
Armour         | 3 4 5 6 |  6.0
Fighting       | 4 5 7 8 |  8.8

Action                   |  1- 3 |  4- 6 |  7- 9 | 10-12 || total
-------------------------+-------+-------+-------+-------++-------
Melee: War axe           |    57 |    85 |   108 |       ||   250
       Battleaxe         |    25 |     4 |       |       ||    29
       Mace              |       |       |    39 |       ||    39
       Spear             |       |       |    96 |    46 ||   142
Invok: Ancestor Identity |       |     1 |       |       ||     1
       Ancestor Life: He |       |     1 |       |       ||     1
  Use: Potion            |       |       |     1 |     2 ||     3
 Stab: Distracted        |       |     1 |     2 |     1 ||     4
       Confused          |       |       |     4 |     1 ||     5
Armor: Scale mail        |    43 |    45 |    39 |       ||   127
       Acid dragon scale |       |       |    31 |     8 ||    39
Dodge: Dodged            |    52 |    72 |   154 |    32 ||   310
Block: Buckler           |    18 |    31 |    53 |    10 ||   112

Table legend: (Time is in decaauts)
 A = Elapsed time spent in this place.
 B = Non-inter-level travel time spent in this place.
 C = Inter-level travel time spent in this place.
 D = Time resting spent in this place.
 E = Time spent auto-exploring this place.
 F = Levels seen in this place.
 G = Mean time per level.
                   A        B        C        D        E       F      G
               +--------+--------+--------+--------+--------+-----+--------+
         Total |   9767 |   9311 |    456 |   1972 |   5782 |   9 | 1085.2 |
       Dungeon |   9348 |   8892 |    456 |   1745 |   5652 |   8 | 1168.5 |
       Ossuary |    418 |    418 |      0 |    227 |    130 |   1 |  418.0 |
               +--------+--------+--------+--------+--------+-----+--------+

Top non-repeatable levels by time:
     D:6: 1619 daAuts
     D:3: 1462 daAuts
     D:7: 1427 daAuts
     D:5: 1407 daAuts
     D:8: 1039 daAuts
     D:1: 1012 daAuts
     D:4: 778 daAuts
     D:2: 601 daAuts
 Ossuary: 418 daAuts
